 Dungeon Crawl Stone Soup version 0.19-a0-1320-g0178847 (webtiles) character file.

35 4thArraOfDagon the Ruffian (level 3, -11/31 HPs)
             Began as a Troll Ice Elementalist on Aug 31, 2016.
             Mangled by an ogre
             ... wielding a +0 giant club
              (26 damage)
             ... on level 4 of the Dungeon.
             The game lasted 00:01:52 (437 turns).

4thArraOfDagon the Ruffian (Troll Ice Elementalist)  Turns: 437, Time: 00:01:52

Health: -11/31     AC:  5    Str: 13 (16) XL:     3   Next: 17%
Magic:  3/3        EV:  9    Int:  9 (12) God:
Gold:   63         SH:  0    Dex:  7 (10) Spells: 1 memorised, 3 levels left

rFire  . . .     SeeInvis .       - Unarmed
rCold  . . .     Gourm    +     a - +0 robe
rNeg   . . .     Faith    .     (no shield)
rPois  .         Spirit   .     (helmet restricted)
rElec  .         Dismiss  .     (no cloak)
rCorr  .         Reflect  .     (gloves unavailable)
MR     .....     Harm     .     (boots unavailable)
Stlth  +.........               (no amulet)
                                (no ring)
                                (no ring)

@: no status effects
A: unfitting armour, claws 3, fast metabolism 3, gourmand, regeneration 1,
shaggy fur 1, tough skin 2
a: no special abilities


You were on level 4 of the Dungeon.
You were not hungry.

You visited 1 branch of the dungeon, and saw 4 of its levels.

You collected 63 gold pieces.

Inventory:

Armour
 a - a +0 robe (worn)
Scrolls
 h - 3 scrolls of remove curse {unknown}
 i - 2 scrolls of identify {unknown}
 j - 2 scrolls of recharging {unknown}
 k - a scroll of enchant armour {unknown}
 l - a scroll of magic mapping {unknown}
 m - a scroll of random uselessness {unknown}
 o - a scroll of amnesia {unknown}
Potions
 e - a potion of magic
Books
 b - a book of Frost

   Spells                             Type                      Level
   a - Freeze                         Ice                          1
   b - Throw Frost                    Conjuration/Ice              2
   c - Ozocubu's Armour               Charms/Ice                   3
   d - Throw Icicle                   Conjuration/Ice              4
   e - Summon Ice Beast               Ice/Summoning                4
Comestibles
 c - 3 bread rations
 d - a slice of pizza
 f - 2 meat rations


   Skills:
 - Level 1.5 Dodging
 - Level 1.1 Stealth
 * Level 2.8 Unarmed Combat
 - Level 1.2 Spellcasting
   Level 0.6 Conjurations
 - Level 2.1 Ice Magic


You had 3 spell levels left.
You knew the following spells:

 Your Spells              Type           Power        Failure   Level  Hunger
a - Freeze                Ice            #...         14%         1    ##.....


Dungeon Overview and Level Annotations

Branches:
Dungeon (4/15)
 Temple: D:4-7

Altars:


Innate Abilities, Weirdness & Mutations

You are too large for most types of armour.
You have claws for hands.
Your metabolism is lightning-fast.
You like to eat raw meat.
Your natural rate of healing is unusually fast.
You are covered in fur. (AC +1)
You have very tough skin. (AC +2)


Message History

Unknown command.
You closely miss the ogre.
The ogre is moderately wounded.
The ogre closely misses you.
Unknown command.
Unknown command.
You closely miss the ogre.
The ogre is moderately wounded.
Unknown command.
Unknown command.
You feel better. The ogre hits you with a giant club!
You claw the ogre!
The ogre is heavily wounded.
The ogre barely misses you.
Unknown command.
You scratch the ogre.
The ogre is severely wounded.
The ogre hits you with a giant club!!
Ouch! That really hurt!
You die...

#<.......#
#.......##
#....(...######
+.............#
#..†...<#....(#
#......(#.....#
#.......#.....#
#.......#.....#
#######'#.@O.?#
#.......#.....#
#.......#.........
#.......#.........
#.......#.........
#########.........
..........
........[.


You could see an ogre.

Vanquished Creatures
  An adder (D:2)
  An ooze (D:1)
  A worm (D:2)
  2 giant geckos (D:1)
  2 giant cockroaches
  A hobgoblin (D:1)
  A ball python (D:1)
  A bat (D:2)
  5 goblins
  2 kobolds
  2 rats (D:1)
19 creatures vanquished.

Notes
Turn   | Place    | Note
-------+----------+-------------------------------------------
     0 | D:1      | 4thArraOfDagon the Troll Ice Elementalist began the quest for the Orb.
     0 | D:1      | Reached XP level 1. HP: 16/16 MP: 1/1
    73 | D:1      | Reached skill level 1 in Unarmed Combat
    79 | D:1      | Reached XP level 2. HP: 14/24 MP: 2/2
   190 | D:1      | Reached XP level 3. HP: 29/31 MP: 3/3
   422 | D:4      | Noticed an ogre
   437 | D:4      | Mangled by an ogre

Vault maps used:
D:1:      kennysheep_arrival_seaside
D:2:      first_bread, uniq_robin
D:3:      minmay_surrounded, uniq_terence
D:4:      portal_sewer_entry_d, uniq_sigmund, uniq_menkaure

Skill      XL: |  1  2 |
---------------+-------+-----
Unarmed Combat | 1 2 |  2.8
Dodging        | |  1.5
Stealth        | |  1.1
Spellcasting   | |  1.2
Conjurations   | |  0.6
Ice Magic      | |  2.1

Action                   || total
-------------------------++-------
Melee: Unarmed           ||    63
  Use: Potion            ||     4
  Eat: Chunk             ||     3
Armor: Robe              ||    23
Dodge: Dodged            ||    32
